Map: Ruins of Endion

Players

Revenoir

  • Race: Protoss Protoss
  • League: Gold

capac - Winner!

  • Race: Terran Terran
  • League: Gold

VOD

Have the link to the VOD?

Description

Time

  • Played on: April 18, 2016, 3:39 p.m.
  • Length: 9:15
Show
View Real Time Build Order
Export as new Build Order

Revenoir Protoss 

Build Orders: 1 Gate Expand 

Get SALT Encoding   

  12  0:02  Probe (Chrono Boost)  
  13  0:13  Probe (Chrono Boost)  
  14  0:23  Probe (Chrono Boost), Pylon  
  15  0:44  Probe (Chrono Boost)  
  15  0:46  Gateway  
  15  0:49  Assimilator  
  16  0:58  Probe (Chrono Boost)  
  17  1:09  Probe (Chrono Boost)  
  18  1:20  Nexus  
  18  1:35  Pylon  
  18  1:40  Cybernetics Core  
  18  1:41  Probe (Chrono Boost)  
  19  1:52  Assimilator  
  20  1:54  Probe (Chrono Boost)  
  20  2:20  Probe (Chrono Boost)  
  20  2:22  Warp Gate (Chrono Boost)  
  21  2:25  Adept  
  23  2:32  Mothership Core  
  25  2:39  Probe  
  24  2:54  Pylon  
  24  3:00  Probe  
  24  3:01  Probe  
  24  3:03  Adept  
  28  3:14  Probe  
  28  3:19  Robotics Facility  
  29  3:20  Probe  
  30  3:31  Probe  
  30  3:32  Probe  
  32  3:35  Adept  
  32  3:40  Pylon  
  34  3:46  Probe  
  34  3:47  Probe  
  36  3:56  Probe  
  36  4:00  Probe  
  38  4:07  Probe  
  38  4:08  Observer  
  40  4:17  Probe  
  41  4:19  Gateway  
  41  4:21  Gateway  
  41  4:24  Pylon  
  41  4:33  Probe  
  41  4:34  Probe  
  43  4:45  Adept  
  45  4:46  Gateway  
  45  4:48  Probe  
  45  4:50  Probe  
  45  4:52  Gateway  
  47  5:03  Immortal (Chrono Boost)  
  51  5:12  Pylon  
  51  5:15  Adept x2  
  51  5:17  Probe  
  51  5:18  Probe  
  51  5:21  Adept  
  59  5:36  Adept x2  
  63  5:51  Immortal (Chrono Boost), Adept x2  
  63  5:56  Adept  
  72  5:57  Adept x2  
  64  6:41  Probe  
  64  6:43  Adept  
  64  6:44  Adept  
  64  6:45  Adept  
  64  6:46  Adept x2  
  59  7:01  Mothership Core  
  51  7:21  Adept x4  
  51  7:22  Adept  
  65  7:34  Warp Prism (Chrono Boost)  
  63  7:55  Adept  
  63  7:56  Adept x3  
  71  8:14  Stalker  
Show
View Real Time Build Order
Export as new Build Order

capac Terran - Winner!

Build Orders: Reaper Expand, MMM Bio 

Get SALT Encoding   

  12  0:01  SCV  
  13  0:13  SCV  
  14  0:19  Supply Depot  
  14  0:25  SCV  
  15  0:41  SCV  
  15  0:42  Barracks  
  16  0:45  Refinery  
  16  0:53  SCV  
  17  1:05  SCV  
  18  1:17  SCV  
  19  1:30  Orbital Command  
  19  1:31  Reaper  
  20  1:42  Command Center  
  20  1:54  Supply Depot  
  20  1:56  SCV  
  21  2:03  Marine  
  22  2:17  Factory  
  22  2:22  Refinery  
  22  2:23  Barracks  
  22  2:29  Barracks Reactor  
  22  2:31  SCV  
  23  2:49  SCV  
  24  2:54  Bunker  
  24  2:57  Orbital Command  
  23  3:01  SCV  
  24  3:07  Starport, Factory Tech Lab  
  24  3:08  Marine  
  24  3:11  Marine  
  26  3:13  SCV  
  27  3:27  SCV x2  
  27  3:30  Siege Tank  
  32  3:35  Marine  
  32  3:37  Marine  
  32  3:41  Barracks Tech Lab  
  34  3:47  Barracks  
  34  3:52  Supply Depot  
  34  3:53  Medivac  
  36  4:02  SCV x2  
  38  4:03  Marine  
  38  4:04  Marine x2  
  38  4:07  Stimpack  
  41  4:14  SCV x2  
  43  4:20  Supply Depot, Engineering Bay  
  43  4:26  Starport Reactor  
  43  4:28  SCV x2  
  43  4:29  Marine  
  43  4:31  Marine  
  46  4:37  Marine  
  48  4:40  SCV  
  48  4:41  Barracks Reactor  
  49  4:46  Siege Tank  
  49  4:49  SCV  
  53  4:53  Marine x2  
  53  4:56  SCV  
  53  4:57  Marine  
  57  5:03  Refinery  
  57  5:05  SCV  
  58  5:08  SCV  
  58  5:11  Marine x2  
  61  5:15  Marine  
  62  5:25  Marine x2, Medivac  
  62  5:26  Supply Depot  
  66  5:29  Marine x2  
  66  5:30  Missile Turret  
  66  5:31  Supply Depot  
  66  5:32  Missile Turret  
  68  5:37  Missile Turret  
  68  5:58  Supply Depot  
  68  6:00  Marine x2  
  68  6:01  Marine x3  
  68  6:03  Barracks  
  73  6:12  Combat Shields  
  73  6:15  Terran Infantry Weapons Level 1  
  73  6:17  SCV x2  
  75  6:18  Marine x3  
  75  6:19  Marine  
  40  7:04  Liberator x2  
  32  7:11  Marine x5  
  35  7:21  Siege Tank  
  44  7:24  Barracks Reactor  
  44  7:28  Marine  
  44  7:29  Marine x2  
  47  7:34  Marine x2  
  49  7:46  Marine x2  
  49  7:50  Marine  
  52  7:52  Marine x2  
  54  8:08  Marine x2  
  54  8:09  Marine  
  54  8:10  Marine x2  
  59  8:26  Marine x3  
Tags
 
Add a new tag
Caveats
  • Supply blocks, unpowered buildings, or Contaminate may cause inaccurate times.
  • Supply counts are checked every 10 seconds.